 Dungeon Crawl Stone Soup version 0.19.0-24-gb05acd6 (webtiles) character file.

599 Mesmaeker13 the Charmwright (level 7, -2/50 HPs)
             Began as a Demonspawn Skald on Nov 21, 2016.
             Killed by nerve-wracking pain
             ... invoked by an orc priest
              (7 damage)
             ... on level 5 of the Dungeon.
             The game lasted 00:12:08 (3749 turns).

Mesmaeker13 the Charmwright (Demonspawn Skald)      Turns: 3749, Time: 00:12:09

Health: -2/50      AC:  8    Str: 12    XL:     7   Next: 17%
Magic:  5/13       EV: 13    Int: 17    God:
Gold:   235        SH:  0    Dex: 13    Spells: 4 memorised, 6 levels left

rFire  . . .     SeeInvis .     a - +0 falchion
rCold  . . .     Gourm    .     b - +0 leather armour
rNeg   . . .     Faith    .     (no shield)
rPois  +         Spirit   .     e - +0 helmet
rElec  .         Reflect  .     i - +0 cloak
rCorr  .         Harm     .     (no gloves)
MR     .....                    g - +0 pair of boots
Stlth  +.........               (no amulet)
                                n - +2 ring of intelligence
                                y - ring of poison resistance

@: infused
A: icy blue scales 1, powered by death 3
a: no special abilities


You were on level 5 of the Dungeon.
You were not hungry.

You visited 1 branch of the dungeon, and saw 6 of its levels.

You collected 235 gold pieces.

Inventory:

Hand Weapons
 a - a +0 falchion (weapon)
Missiles
 l - 100 stones (quivered)
 s - 32 poisoned needles
Armour
 b - a +0 leather armour (worn)
 e - a +0 helmet (worn)
 g - a +0 pair of boots (worn)
 i - a +0 cloak (worn)
Jewellery
 n - a +2 ring of intelligence (right hand)
 v - an uncursed ring of fire
 y - a ring of poison resistance (left hand)
Scrolls
 f - 3 scrolls of remove curse
 h - 3 scrolls of teleportation
 t - a scroll of amnesia {unknown}
Potions
 m - a potion of agility
 o - a potion of flight {unknown}
 q - a potion of brilliance {unknown}
 w - a potion of ambrosia
 z - 3 potions of curing
Books
 c - a book of Battle

   Spells                             Type                      Level
   a - Infusion                       Charms                       1
   b - Shroud of Golubria             Charms/Translocation         2
   c - Song of Slaying                Charms                       2
   d - Spectral Weapon                Hexes/Charms                 3
   e - Regeneration                   Charms/Necromancy            3
Comestibles
 d - 2 bread rations
 j - 2 meat rations
 k - a beef jerky
 p - 2 fruits
 u - 2 chunks of flesh


   Skills:
 - Level 2.0 Fighting
 - Level 1.7 Long Blades
 - Level 0.8 Armour
 + Level 3.9 Dodging
 - Level 4.2 Spellcasting
 + Level 1.2 Hexes
 + Level 4.9 Charms


You had 6 spell levels left.
You knew the following spells:

 Your Spells              Type           Power        Failure   Level  Hunger
a - Infusion              Chrm           ###.         2%          1    None
b - Song of Slaying       Chrm           ###.....     4%          2    ##.....
c - Shroud of Golubria    Chrm/Tloc      ##........   12%         2    ##.....
d - Spectral Weapon       Hex/Chrm       ##......     17%         3    ###....


Dungeon Overview and Level Annotations

Branches:
Dungeon (6/15)
 Temple: D:4-7

Altars:
Ru

Annotations:
D:5 1 runed door


Innate Abilities, Weirdness & Mutations

You are partially covered in icy blue scales. (AC +2)
You regenerate a lot of health from kills.


Message History

Confirm with . or Enter, or press ? or * to list all spells.
You extend your infusion's duration.
The orc priest hits you with a short sword!
You barely miss the orc priest.
The orc priest is severely wounded.
The orc priest hits you but does no damage.
An orc comes into view. It is wielding a club.
You hit the orc priest.
The orc priest is severely wounded.
The orc priest begins to cast a cantrip, but forgets the words!
You hit the orc priest but do no damage.
The orc priest is severely wounded.
The orc priest mumbles some strange prayers to Beogh against you.
Beogh smites you!
* * * LOW HITPOINT WARNING * * *
The orc hits you with a club.
* * * LOW HITPOINT WARNING * * *
The orc priest mumbles some strange prayers to Beogh against you.
Pain shoots through your body!
You die...

##).# #..# #..>..##...lW.
##...## ###..#
#.....###..###
#..#..###....# #.........##
##.###.##..##.#####....####
####..###.##.###..# #....##
#....#.......#
##.###..........#
#.####.##.####
#...........#### #.#
##.##.# #####o.....####....
#.###..##.# #...@o##.#.#
####
#.#...###.###.######.#.#
#.#.### #.#...# ....# #...#
#...### ...... ##### #..##
.... #### o.w.. ......


You could see an orc priest and an orc.

Vanquished Creatures
  A hippogriff (D:5)
  A water moccasin skeleton (D:5)
  A howler monkey (D:5)
  The ghost of dscm the Digger, a weakling OpEE (D:5)
  A jelly (D:5)
  2 orc priests
  A centaur skeleton (D:5)
  2 orc wizards
  A bullfrog skeleton (D:4)
  An adder (D:6)
  2 oozes
  An adder skeleton (D:3)
  A worm (D:5)
  2 dart slugs (D:2)
  A leopard gecko (D:5)
  12 orcs
  5 goblins
  8 hobgoblins
  8 jackals
  2 quokkas
  2 ball pythons (D:1)
  8 bats
  7 frilled lizards
  A giant cockroach zombie (D:6)
  4 kobolds
  4 rats
80 creatures vanquished.

Notes
Turn   | Place    | Note
-------+----------+-------------------------------------------
     0 | D:1      | Mesmaeker13 the Demonspawn Skald began the quest for the Orb.
     0 | D:1      | Reached XP level 1. HP: 16/16 MP: 3/3
    74 | D:1      | Reached skill level 1 in Dodging
   125 | D:1      | Gained mutation: You regenerate a little health from kills. [demonic ancestry]
   125 | D:1      | Reached XP level 2. HP: 16/22 MP: 5/5
  1019 | D:2      | Learned a level 2 spell: Song of Slaying
  1029 | D:2      | Gained mutation: You are partially covered in icy blue scales. (AC +2) [demonic ancestry]
  1029 | D:2      | Reached XP level 3. HP: 18/27 MP: 2/6
  1566 | D:3      | Learned a level 2 spell: Shroud of Golubria
  1653 | D:3      | Reached XP level 4. HP: 27/33 MP: 2/8
  2410 | D:3      | Reached XP level 5. HP: 20/38 MP: 2/9
  2672 | D:4      | Noticed an ogre
  2748 | D:5      | Entered Level 5 of the Dungeon
  2749 | D:5      | Found a sacrificial altar of Ru.
  2771 | D:5      | Found a runed door.
  2980 | D:5      | Noticed an ogre
  3068 | D:5      | Gained mutation: You regenerate health from kills. [demonic ancestry]
  3068 | D:5      | Reached XP level 6. HP: 37/44 MP: 4/11
  3070 | D:5      | Noticed a hippogriff
  3080 | D:5      | Killed a hippogriff
  3261 | D:5      | Learned a level 3 spell: Spectral Weapon
  3285 | D:5      | Noticed dscm's ghost (weakling OpEE)
  3328 | D:5      | Killed dscm's ghost
  3330 | D:5      | Reached skill level 1 in Hexes
  3330 | D:5      | Gained mutation: You regenerate a lot of health from kills. [demonic ancestry]
  3330 | D:5      | Reached XP level 7. HP: 40/50 MP: 0/13
  3749 | D:5      | Killed from afar by an orc priest

Skill      XL: |  1  2  3  4  5  6 |
---------------+-------------------+-----
Dodging        | 1 2 3 |  3.9
Charms         | 3 4 |  4.9
Spellcasting   | 3 4 |  4.2
Hexes          | 1 |  1.2
Fighting       | |  2.0
Long Blades    | |  1.7
Armour         | |  0.8

Action                   |  1- 3 |  4- 6 |  7- 9 || total
-------------------------+-------+-------+-------++-------
Melee: Falchion          |   106 |   131 |    25 ||   262
Throw: Stone             |       |    10 |       ||    10
 Cast: Infusion          |    12 |    15 |     3 ||    30
       Song of Slaying   |     1 |     2 |       ||     3
       Shroud of Golubri |       |     4 |     1 ||     5
       Spectral Weapon   |       |     1 |       ||     1
  Use: Scroll            |     1 |     8 |     2 ||    11
       Potion            |       |     3 |     1 ||     4
 Stab: Sleeping          |       |     1 |       ||     1
  Eat: Chunk             |     3 |     6 |     1 ||    10
Armor: Leather armour    |    44 |    50 |     9 ||   103
Dodge: Dodged            |    81 |   105 |    19 ||   205
       Rpst.: Falchion   |    29 |    37 |     6 ||    72
